 Dungeon Crawl Stone Soup version 0.30.0-29-ga12c61a403 (webtiles) character file.

Game seed: 10365339976499268035

21 monsoonserge the Covered (level 3, -3/31 HPs)
             Began as a Meteoran Fighter on June 13, 2023.
             Slain by Crazy Yiuf
             ... wielding a +4 quarterstaff of chaos
              (6 damage)
             ... on level 2 of the Dungeon.
             The game lasted 00:02:29 (520 turns).

monsoonserge the Covered (Meteoran Fighter)          Turns: 520, Time: 00:02:29

Health: -3/31      AC:  7    Str: 20    XL:     3   Next: 17%
Magic:  4/4        EV:  9    Int:  9    God:
Gold:   12         SH:  5    Dex: 13    Spells: 2/2 levels left

rFire   . . .        k - +2 whip (freeze)
rCold   . . .        c - +0 buckler
rNeg    . . .        b - +0 scale mail
rPois   .            (no helmet)
rElec   .            (no cloak)
rCorr   .            (no gloves)
SInv    .            (no boots)
Will    .....        (no amulet) Stlth
                     (no ring)
HPRegen 0.25/turn    (no ring)
MPRegen 0.09/turn

%: no passive effects
@: lethally poisoned (-3 -> -7), glowing
A: sense surroundings 1, otherworldly, glowing, explore regen
a: no special abilities


You were on level 2 of the Dungeon.
You visited 1 branch of the dungeon, and saw 2 of its levels.

You collected 12 gold pieces.

Inventory:

Hand Weapons
 a - a +0 war axe
 k - a +2 whip of freezing (weapon)
Missiles
 f - 3 poisoned darts (quivered)
Armour
 b - a +0 scale mail (worn)
 c - a +0 buckler (worn)
Scrolls
 e - 2 scrolls of vulnerability {unknown}
 h - a scroll of torment {unknown}
 l - a scroll of magic mapping {unknown}
Potions
 d - a potion of might
 g - a potion of heal wounds {unknown}
 i - a potion of brilliance {unknown}
 j - 2 potions of curing {unknown}


   Skills:
 + Level 3.3 Fighting
 - Level 2.5 Axes
 + Level 4.4 Armour
 + Level 0.2 Dodging
 + Level 3.9 Shields


You had 2 spell levels left.
You didn't know any spells.
Your spell library contained the following spells:

 Spells                   Type           Power      Damage    Failure   Level
 Inner Flame              Hex/Fire       0%         N/A       99%         3
 Flame Wave               Conj/Fire      0%         2d4       100%        4
 Sticky Flame             Conj/Fire      0%         2d3       100%        4


Dungeon Overview and Level Annotations

Branches:
Dungeon (2/15) Zot: 665

Altars:

Annotations:
D:2 Crazy Yiuf


Innate Abilities, Weirdness & Mutations

You passively map a small area around you.
You are easily found by Zot.
You glow in the dark.
You regain HP and MP as you explore.


Message History

You miss the bat. The bat hits you. You block the bat's attack.
You closely miss the bat. The bat barely misses you.
Found a hammer.
You closely miss the bat. You block the bat's attack.
You hit the bat. You freeze the bat.
You kill the bat!
You see here a +0 hammer.
You see here a +0 hammer.
Found seven hammers.
Found a runed translucent door.
You see here a +0 hammer.
Found a hammer.
You see here a +0 hammer.
You see here a +0 hammer.
Found three hammers.
You see here a +0 hammer.
You open the door. You hit Crazy Yiuf. You freeze Crazy Yiuf.
Crazy Yiuf is moderately wounded.
Crazy Yiuf whimpers, "Peeping!
Cod King pontify."
Crazy Yiuf hits you with a +4 quarterstaff of chaos!
You are poisoned.
You hit Crazy Yiuf but do no damage.
Crazy Yiuf is moderately wounded.
You feel very sick.
Crazy Yiuf hits you with a +4 quarterstaff of chaos.
You resist with some effort.
You barely miss Crazy Yiuf.
Crazy Yiuf is moderately wounded.
* * * LOW HITPOINT WARNING * * *
You feel sick.
Crazy Yiuf hits you with a +4 quarterstaff of chaos.
* * * LOW HITPOINT WARNING * * *
Crazy Yiuf burns you.
* * * LOW HITPOINT WARNING * * *
You whack Crazy Yiuf! You freeze Crazy Yiuf.
Crazy Yiuf is severely wounded.
* * * LOW HITPOINT WARNING * * *
You feel sick.
Crazy Yiuf hits you with a +4 quarterstaff of chaos.
You die...

, , * , , * ,, , ,, ,
, , . * * * .## , ..#
♣♣♣♣♣####.# ###*
♣♣♣)♣)...##.##### *
#)))#♣))♣)............
#.))g@♣♣♣♣....†..#####
, , #)))#♣♣
♣♣.......#### ###*
♣♣##.......# #........
#......## * *
#......## #........##
* .........##
..........##


You could see Crazy Yiuf.

Vanquished Creatures
  A dart slug (D:1)
  4 ball pythons (D:1)
  A giant cockroach (D:1)
  3 goblins (D:1)
  2 hobgoblins (D:1)
  2 bats
  A kobold (D:2)
  4 rats (D:1)
18 creatures vanquished.

Notes
Turn   | Place    | Note
-------+----------+-------------------------------------------
     0 | D:1      | monsoonserge the Meteoran Fighter began the quest for the
                  | Orb.
     0 | D:1      | Reached XP level 1. HP: 19/19 MP: 2/2
    53 | D:1      | Reached XP level 2. HP: 16/26 MP: 3/3
    54 | D:1      | Reached skill level 4 in Armour
   364 | D:1      | Reached XP level 3. HP: 31/31 MP: 4/4
   512 | D:2      | Found a runed translucent door.
   513 | D:2      | Noticed Crazy Yiuf
   520 | D:2      | Slain by Crazy Yiuf

Illustrated notes

Levels and vault maps discovered:
D:1:      nzn_arrival_settlement, layout_basic
D:2:      layout_basic, uniq_natasha, uniq_crazy_yiuf_cottage, uniq_robin

Skill      XL: |  1  2 |
---------------+-------+-----
Armour         | 4 |  4.4
Fighting       | |  3.3
Axes           | |  2.5
Dodging        | |  0.2
Shields        | |  3.9

Action                     || total
---------------------------++-------
  Melee: War axe           ||    34
         Whip              ||    10
 Armour: Scale mail        ||    14
  Dodge: Dodged            ||    16
  Block: Buckler           ||     8
